AoeStats
← [GG] Shevchenko 7

MegaRandom

505722863Analyzed
2v2 RM · 23d ago on Sep 10, 2026· 62m 36s· 4 players
Game mode
Random Map
Map size
Medium (4 player)
Population
200
Speed
Normal
Resources
Standard
Victory
Conquest
Starting age
Dark Age
Ending age
Imperial Age
RankedLock teamsTeams togetherTeam positionsShared explorationLock speedFull tech treeHidden civsTurbo modeCheats
Victory
Defeat
🇩🇪 Mongols · Germany
1106
+13
🇩🇪 Maya · Germany
1105
+14
1071
-14
🇧🇷 Portuguese · Brazil
1037
-13
[GG] Raúl González Blanco
6:36 Loom
11:07 Feudal Age
16:44 Bloodlines
18:06 Town Watch
22:48 Castle Age
29:20 Town Patrol
32:51 Wheelbarrow
36:49 Hand Cart
43:00 Imperial Age
42:39 Scale Barding Armor
43:44 Chain Barding Armor
45:25 Husbandry
45:34 Crossbowman
47:48 Kamandaran
47:54 Fletching
49:29 Cavalier
50:33 Thumb Ring
53:28 Plate Barding Armor
52:48 Bodkin Arrow
53:04 Forging
52:54 Padded Archer Armor
53:20 Ballistics
55:56 Chemistry
54:52 Murder Holes
57:18 Iron Casting
[GG] Shevchenko 7
9:09 Loom
12:14 Feudal Age
14:55 Double-Bit Axe
16:09 Scale Barding Armor
20:43 Castle Age
27:29 Wheelbarrow
28:10 Chain Barding Armor
28:33 Town Watch
33:22 Husbandry
35:59 Padded Archer Armor
37:52 Hand Cart
37:02 Elite Skirmisher
38:21 Bow Saw
38:01 Light Cavalry
38:51 Bloodlines
39:00 Fletching
39:26 Leather Archer Armor
44:46 Imperial Age
43:09 Bodkin Arrow
57:48 Chemistry
Savidlin
0:26 Loom
12:32 Feudal Age
10:53 Loom
12:39 Feudal Age
17:12 Castle Age
15:57 Padded Archer Armor
15:49 Fletching
16:01 Padded Archer Armor
16:00 Double-Bit Axe
15:59 Horse Collar
20:19 Bodkin Arrow
23:19 Leather Archer Armor
23:34 Ballistics
38:09 Imperial Age
38:49 Bracer
49:09 Elite Mangudai
50:12 Conscription
51:09 Light Cavalry
52:00 Bloodlines
51:50 Husbandry
57:41 Hussar
58:55 Capped Ram
61:10 Wheelbarrow
60:20 Town Watch
60:52 Bow Saw
61:38 Drill
61:15 Siege Ram
Banane
1:25 Loom
11:34 Feudal Age
18:41 Castle Age
17:30 Forging
17:09 Horse Collar
19:25 Eagle Warrior
21:00 Loom
24:46 Squires
25:40 Iron Casting
29:18 Fletching
30:21 Wheelbarrow
29:32 Town Watch
35:58 Hand Cart
35:56 Town Watch
36:12 Double-Bit Axe
40:03 Pikeman
47:36 Bow Saw
50:04 Scale Mail Armor
50:00 Bodkin Arrow
53:18 Imperial Age
51:54 Chain Mail Armor
53:26 Heavy Plow
54:48 Elite Eagle Warrior
56:31 Gold Mining
59:44 Holcans
59:35 Conscription
59:23 Halberdier
62:01 Blast Furnace
61:34 Plate Mail Armor
62:10 Blast Furnace
62:09 Masonry
Connection lost

Rejoining the realm…

Still unreachable

The connection could not be restored.

Session expired

The server has moved on; the page needs a fresh start.